 Dungeon Sprint DCSS version 0.28-a0-1190-g77e1c55843 (webtiles) character file.

Game seed: 1271915315713837527

24 rocky1 the Magician (level 2, -2/15 HPs)
             Began as a Deep Elf Hedge Wizard on Dec 19, 2021.
             Was a Believer of Sif Muna.
             Slain by a gnoll (8 damage)
             ... in the Dungeon (Sprint VII: "The Pits").
             The game lasted 00:02:51 (608 turns).

rocky1 the Magician (Deep Elf Hedge Wizard)          Turns: 608, Time: 00:02:52

Health: -2/15      AC:  2    Str:  7    XL:     2   Next: 79%
Magic:  7/10       EV: 13    Int: 18    God:    Sif Muna [**....]
Gold:   0          SH:  0    Dex: 14    Spells: 5/11 levels left

rFire   . . .      SeeInvis .   m - +2 quarterstaff
rCold   . . .      Faith    .   (shield currently unavailable)
rNeg    . . .      Spirit   .   b - +0 robe
rPois   .          Reflect  .   c - +0 hat
rElec   .          Harm     .   (no cloak)
rCorr   .          Rampage  .   (no gloves)
Will    .....      NoTele   +   (no boots)
Stlth   ++........              (no amulet)
HPRegen 0.05/turn               (no ring)
MPRegen 0.12/turn               (no ring)

@: no status effects
A: no striking features
a: Renounce Religion, Channel Magic


You were in the Dungeon.
You worshipped Sif Muna.
Sif Muna was pleased with you.
You visited 1 branch

Inventory:

Hand Weapons
 a - a +0 dagger
 m - a +2 quarterstaff (weapon)
Armour
 b - a +0 robe (worn)
 c - a +0 hat (worn)
Scrolls
 i - a scroll of blinking
 k - 5 scrolls of amnesia
 l - a scroll of summoning
Potions
 f - a potion of haste
 g - 2 potions of magic
 h - 3 potions of berserk rage
 j - 2 potions of invisibility


   Skills:
 + Level 3.6 Dodging
 - Level 2.4 Stealth
 + Level 5.4 Spellcasting
 + Level 2.7 Conjurations
 + Level 2.1 Hexes
 + Level 2.6 Summonings
 + Level 2.7 Translocations


You had 5 spell levels left.
You knew the following spells:

 Your Spells              Type           Power      Damage    Failure   Level
a - Magic Dart            Conj           56%        1d5       4%          1
b - Slow                  Hex            48%        N/A       5%          1
c - Call Imp              Summ           14%        N/A       7%          2
d - Blink                 Tloc           28%        N/A       6%          2

Your spell library contained the following spells:

 Spells                   Type           Power      Damage    Failure   Level
 Conjure Flame            Conj/Fire      9%         6-21      22%         3
 Mephitic Cloud           Conj/Pois/Air  8%         N/A       26%         3


Dungeon Overview and Level Annotations

Branches:
Dungeon (1/1)

Altars:
Ashenzari
Cheibriados
Dithmenos
Elyvilon
Fedhas
Gozag
Hepliaklqana
Kikubaaqudgha
Makhleb
Nemelex Xobeh
Okawaru
Qazlal
Ru
Sif Muna
Trog
Uskayaw
Vehumet
Wu Jian
Xom
Yredelemnul
Zin
The Shining One
Beogh
Jiyva
Lugonu


Message History

Okay, then.
Casting: Magic Dart (safe; 4% risk of failure)
Confirm with . or Enter, or press ? or * to list all spells.
Aiming: Magic Dart (safe; 4% risk of failure)
Press: ? - help, Shift-Dir - straight line, f - orc wizard
Aim: an orc wizard, wielding a +0 dagger and wearing a +0 robe (100% to hit)
The magic dart hits the orc wizard.
The orc wizard is moderately wounded.
Your white imp barely misses the gnoll.
Unknown command.
Magic courses through your body. The gnoll barely misses you.
The orc wizard casts a spell.
The orc wizard flickers and vanishes!
Deactivating autopickup; reactivate with Ctrl-A.
Unknown command.
Casting: Magic Dart (safe; 4% risk of failure)
Confirm with . or Enter, or press ? or * to list all spells.
A beastly little devil appears in a puff of flame.
Your white imp disappears in a puff of smoke!
The gnoll hits you with a +0 whip.
Unknown command.
Casting: Call Imp (safe; 7% risk of failure)
Confirm with . or Enter, or press ? or * to list all spells.
Aiming: Magic Dart (safe; 4% risk of failure)
Press: ? - help, Shift-Dir - straight line, f - gnoll
Aim: a gnoll, wielding a +0 whip (ally target, 100% to hit)
The magic dart hits the gnoll.
The gnoll is lightly wounded.
The gnoll hits you with a +0 whip.
Unknown command.
Casting: Magic Dart (safe; 4% risk of failure)
Confirm with . or Enter, or press ? or * to list all spells.
Aiming: Magic Dart (safe; 4% risk of failure)
Press: ? - help, Shift-Dir - straight line, f/p - gnoll
Aim: a gnoll, wielding a +0 whip (lightly wounded, ally target, 100% to hit)
The magic dart hits the gnoll.
The gnoll is moderately wounded.
The gnoll hits you with a +0 whip!
Ouch! That really hurt!
You die...

_______...##########
##########'##........
#.?(.')))'.##......#.
##########.##........
#...........'........
#+#####'#####......#.
#...#.# #........
#...#.# ####'####
#.@5รท.# #.......#
##g#### #.......#


os{ #.......# #.... #...<...# #..... #.......# #...... #.......# ########
#.......# ######### You could see a scorpion, an orc priest, a gnoll (ally
target) and a friendly crimson imp (summoned).

Vanquished Creatures
  A river rat (D)
  An ufetubus (D)
  An adder skeleton (D)
  An endoplasm (D)
  A giant cockroach (D)
  A quokka (D)
6 creatures vanquished.

Vanquished Creatures (collateral kills)
  An orc (D)
1 creature vanquished.

Grand Total: 7 creatures vanquished

Notes
Turn   | Place    | Note
-------+----------+-------------------------------------------
     0 | D        | rocky1 the Deep Elf Hedge Wizard began the quest for the
                  | Orb.
     0 | D        | Reached XP level 1. HP: 10/10 MP: 7/7
   236 | D        | Learned a level 1 spell: Slow
   267 | D        | Found a bloodstained altar of Trog.
   267 | D        | Found a shimmering blue altar of Sif Muna.
   267 | D        | Found a viscous altar of Jiyva.
   267 | D        | Found a hazy altar of Hepliaklqana.
   267 | D        | Found an opulent altar of Gozag.
   268 | D        | Found a glowing golden altar of the Shining One.
   268 | D        | Found a glowing silver altar of Zin.
   268 | D        | Found a basalt altar of Yredelemnul.
   268 | D        | Found a shimmering altar of Xom.
   268 | D        | Found an ornate altar of the Wu Jian Council.
   268 | D        | Found a sacrificial altar of Ru.
   268 | D        | Found a stormy altar of Qazlal.
   268 | D        | Found an iron altar of Okawaru.
   268 | D        | Found a sparkling altar of Nemelex Xobeh.
   268 | D        | Found a burning altar of Makhleb.
   268 | D        | Found a blossoming altar of Fedhas.
   268 | D        | Found a white marble altar of Elyvilon.
   268 | D        | Found a shadowy altar of Dithmenos.
   268 | D        | Found a snail-covered altar of Cheibriados.
   270 | D        | Found a radiant altar of Vehumet.
   270 | D        | Found a corrupted altar of Lugonu.
   271 | D        | Found a hide-covered altar of Uskayaw.
   271 | D        | Found an ancient bone altar of Kikubaaqudgha.
   271 | D        | Found a broken altar of Ashenzari.
   273 | D        | Became a worshipper of Sif Muna the Loreminder
   376 | D        | Reached * piety under Sif Muna
   377 | D        | Reached skill level 5 in Spellcasting
   377 | D        | Reached skill level 1 in Hexes
   377 | D        | Reached XP level 2. HP: 9/15 MP: 3/10
   591 | D        | Learned a level 2 spell: Call Imp
   594 | D        | Learned a level 2 spell: Blink
   598 | D        | Noticed a scorpion
   603 | D        | Reached ** piety under Sif Muna
   608 | D        | Slain by a gnoll

Illustrated notes

Levels and vault maps discovered:
D:        pitsprint [storerooms_1, entrance_room_1, metal_vault_5, armoury_1,
          mini_pit_1, grid_room_1, main_hall_1, silver_pit, the_coven_2,
          the_vestibule_1, steel_vault_2, golden_pit, hallway_of_sentries,
          crystal_vault_1, iron_vault_1, final_vault]

Skill      XL: |  1  2 |
---------------+-------+-----
Dodging        | 3 |  3.6
Conjurations   | 2 |  2.7
Spellcasting   | 5 |  5.4
Hexes          | 1 2 |  2.1
Summonings     | 2 |  2.6
Translocations | 2 |  2.7
Stealth        | |  2.4

Action                   || total
-------------------------++-------
Melee: Dagger            ||     8
 Cast: Magic Dart        ||    29
       Call Imp          ||     2
  Use: Potion            ||     4
Armor: Robe              ||     4
Dodge: Dodged            ||    20

Table legend: (Time is in decaauts)
 A = Elapsed time spent in this place.
 B = Non-inter-level travel time spent in this place.
 C = Inter-level travel time spent in this place.
 D = Time resting spent in this place.
 E = Time spent auto-exploring this place.
 F = Levels seen in this place.
 G = Mean time per level.
                   A        B        C        D        E       F      G
               +--------+--------+--------+--------+--------+-----+--------+
         Total |    607 |    607 |      0 |    485 |      0 |   1 |  607.0 |
       Dungeon |    607 |    607 |      0 |    485 |      0 |   1 |  607.0 |
               +--------+--------+--------+--------+--------+-----+--------+

Top non-repeatable levels by time:
       D: 607 daAuts
